 Dungeon Crawl Stone Soup version 0.30-a0-715-gdb4ae3ece1 (webtiles) character file.

Game seed: 14795440087519378535

1913 Leeroy the Nimble (level 9, -3/49 HPs)
             Began as a Tengu Warper on Jan 23, 2023.
             Was a Believer of Okawaru.
             Slain by a +0 glaive of speed (20 damage)
             ... created by the rancor of the Wu Jian Council
             ... on level 6 of the Dungeon.
             The game lasted 00:07:48 (4704 turns).

Leeroy the Nimble (Tengu Warper)                    Turns: 4704, Time: 00:07:48

Health: -3/49      AC:  6    Str: 11    XL:     9   Next: 16%
Magic:  15/15      EV: 21    Int: 14    God:    Okawaru [**....]
Gold:   241        SH:  0    Dex: 20    Spells: 10/15 levels left

rFire   . . .      SeeInvis .    u - +7 dagger of Glory {flame, rElec rC+ Dex+2 Stlth-}
rCold   + . .      Faith    .    (no shield)
rNeg    . . .      Spirit   .    b - +0 leather armour
rPois   .          Reflect  .    (helmet restricted)
rElec   +          Harm     .    (no cloak)
rCorr   .          Rampage  .    e - +2 pair of gloves
Will    .....                    (boots unavailable) Stlth
                                 (no amulet)
HPRegen 0.28/turn                (no ring)
MPRegen 0.14/turn                (no ring)

@: silenced, flying quickly and evasively, quick
A: beak, talons 3, nimble flight
a: Renounce Religion


You were on level 6 of the Dungeon.
You worshipped Okawaru.
Okawaru was pleased with you.
You visited 1 branch of the dungeon, and saw 7 of its levels.

You collected 241 gold pieces.

Inventory:

Hand Weapons
 a - a +0 falchion
 u - the +7 dagger of Glory (weapon) {flame, rElec rC+ Dex+2 Stlth-}
   (You found it on level 3 of the Dungeon)

   Dex:       It affects your dexterity (+2).
   rC:        It protects you from cold.
   rElec:     It insulates you from electricity.
   Stlth:     It makes you less stealthy.
 x - a +0 long sword
 z - the +2 hand axe of Edipeili {flame, *Slow rC++ Int+4}
   (You found it on level 4 of the Dungeon)

   Int:       It affects your intelligence (+4).
   rC:        It greatly protects you from cold.
   *Slow:     It may slow you when you take damage.
Missiles
 d - 7 boomerangs of dispersal
 h - 23 poisoned darts (quivered)
Armour
 b - a +0 leather armour (worn)
 e - a +2 pair of gloves (worn)
 y - a scarf of resistance
Magical Staves
 D - a staff of earth
Jewellery
 v - a ring of protection from cold
Wands
 r - a wand of mindburst (21)
Scrolls
 f - 2 scrolls of amnesia {unknown}
 i - a scroll of enchant armour {unknown}
 k - a scroll of enchant weapon {unknown}
 n - 6 scrolls of identify {unknown}
 q - 2 scrolls of fog {unknown}
 w - a scroll of fear {unknown}
 A - 4 scrolls of teleportation {unknown}
 B - 2 scrolls of magic mapping {unknown}
 C - a scroll of noise {unknown}
Potions
 c - a potion of degeneration {unknown}
 g - 2 potions of heal wounds {unknown}
 j - 3 potions of haste {unknown}
 l - 4 potions of curing {unknown}
 m - 4 potions of lignification {unknown}
 o - 5 potions of might {unknown}
 p - a potion of brilliance {unknown}
 s - a potion of mutation {unknown}
 t - a potion of resistance {unknown}


   Skills:
 - Level 2.5 Fighting
 - Level 6.3 Long Blades
 - Level 1.0 Throwing
 - Level 1.1 Armour
 - Level 9.1 Dodging
 * Level 3.6 Spellcasting
 * Level 3.8 Translocations
 * Level 4.3 Air Magic


You had 10 spell levels left.
You knew the following spells:

 Your Spells              Type           Power      Damage    Failure   Level
a - Blink                 Tloc           26%        N/A       9%          2
b - Vhi's Electric Charg  Tloc/Air       28%        N/A       14%         3

Your spell library contained the following spells:

 Spells                   Type           Power      Damage    Failure   Level
 Lesser Beckoning         Tloc           26%        N/A       9%          2
 Teleport Other           Tloc           13%        N/A       16%         3
 Manifold Assault         Tloc           13%        N/A       47%         4
 Ignite Poison            Fire/Tmut/Pois 2%         N/A       63%         3
 Stone Arrow              Conj/Erth      4%         3d7       63%         3
 Sticky Flame             Conj/Fire      2%         2d3       95%         4
 Ignition                 Fire           1%         3d3       100%        8
 Lehudib's Crystal Spear  Conj/Erth      1%         10d2      100%        8
 Animate Armour           Summ/Erth      Unusable   N/A       N/A         4

Dungeon Overview and Level Annotations

Branches:
Dungeon (7/15)             Temple (0/1) D:4

Altars:
Ashenzari
Dithmenos
Fedhas
Gozag
Hepliaklqana
Kikubaaqudgha
Nemelex Xobeh
Okawaru
Vehumet
Wu Jian
Zin
The Shining One


Innate Abilities, Weirdness & Mutations

You have a beak for a mouth.
You have claws for feet.
Your magical nature lets you fly swiftly and evasively.


Message History

A quokka, a worm and an adder come into view.
There are monsters nearby!
There are monsters nearby!
You barely miss the adder. You peck the adder, but do no damage.
The adder bites you.
You puncture the adder! You burn the adder.
You kill the adder!
Okawaru accepts your kill.
Sifu Gene Jian Bin whispers: These will loosen your tongue!
A +4 quarterstaff of flaming, a +1 glaive of electrocution, a +0 glaive of speed and a +2 heavy broad axe come into view.
You hit the +1 glaive of electrocution.
You claw the +1 glaive of electrocution, but do no damage.
The +1 glaive of electrocution is moderately damaged.
The quokka splashes around in the water.
You hit the +4 quarterstaff of flaming.
You claw the +4 quarterstaff of flaming, but do no damage.
The +4 quarterstaff of flaming is heavily damaged.
The quokka barely misses you.
You cannot cast spells when silenced!
Magic scrolls do not work when you're silenced!
Unknown command.
Okay, then.
You barely miss the worm. You peck the worm.
The worm is lightly wounded.
The worm bites you but does no damage.
The quokka bites you but does no damage.
The +4 quarterstaff of flaming closely misses you.
The +0 glaive of speed misses you.
You barely miss the quokka. You peck the quokka.
The quokka is heavily wounded.
The +1 glaive of electrocution hits you!
The quokka misses you.
You closely miss the quokka. Your kick misses the quokka. You peck the quokka.
You kill the quokka!
Okawaru accepts your kill.
The +4 quarterstaff of flaming hits you!
The +4 quarterstaff of flaming burns you.
The worm bites you but does no damage.
The +0 glaive of speed hits you from afar!!
You die...

### #..#
#..# #..#
####..#
#.....#
#....##
#####.###
~####~†##(#
~~~~~~w@((#
~####~(####
###


You could see a worm and 4 dancing weapons.

Vanquished Creatures
  Prince Ribbit (D:6)
  A black bear (D:4)
  2 ice beasts
  A sky beast (D:6)
  3 ogres
  3 centaurs
  A kobold brigand (D:5)
  A bullfrog (D:7)
  A scorpion (D:4)
  2 necrophages (D:5)
  A howler monkey (D:5)
  A gnoll bouda (D:4)
  3 jellies (D:5)
  2 hounds (D:5)
  2 iguanas
  Natasha (D:3)
  8 gnolls
  7 adders
  A white imp (D:6)
  2 worms (D:2)
  5 dart slugs
  4 orcs
  10 bats
  5 endoplasms
  5 giant cockroaches
  2 goblins
  4 hobgoblins
  6 jackals
  4 quokkas
  8 ball pythons
  9 frilled lizards
  8 kobolds
  7 rats
121 creatures vanquished.

Notes
Turn   | Place    | Note
-------+----------+-------------------------------------------
     0 | D:1      | Leeroy the Tengu Warper began the quest for the Orb.
     0 | D:1      | Reached XP level 1. HP: 12/12 MP: 4/4
    89 | D:1      | Reached XP level 2. HP: 17/17 MP: 6/6
   327 | D:1      | Reached XP level 3. HP: 15/21 MP: 7/7
   622 | D:1      | Found a faded altar of an unknown god.
   675 | D:1      | Learned a level 2 spell: Blink
   679 | D:1      | Learned a level 3 spell: Vhi's Electric Charge
   758 | D:2      | Found an opulent altar of Gozag.
   911 | D:2      | Reached XP level 4. HP: 25/26 MP: 8/8
   962 | D:2      | Reached skill level 5 in Long Blades
  1223 | D:2      | Gained mutation: Your magical nature lets you fly swiftly
                  | and evasively. [Tengu growth]
  1223 | D:2      | Reached XP level 5. HP: 13/30 MP: 9/9
  1559 | D:3      | Found a glowing silver altar of Zin.
  1584 | D:3      | Found a broken altar of Ashenzari.
  1614 | D:3      | Found an ornate altar of the Wu Jian Council.
  1626 | D:3      | Became a worshipper of the Wu Jian Council
  1784 | D:3      | Found a glowing golden altar of the Shining One.
  1784 | D:3      | Identified the +7 dagger of Glory {flame, rElec rC+ Dex+2
                  | Stlth-}
  2138 | D:3      | Noticed Natasha
  2142 | D:3      | Killed Natasha
  2287 | D:4      | Found a staircase to the Ecumenical Temple.
  2293 | D:4      | Identified the +2 hand axe of Edipeili {flame, *Slow rC++
                  | Int+4}
  2339 | D:4      | Noticed a black bear
  2344 | D:4      | Killed a black bear
  2345 | D:4      | Reached skill level 3 in Dodging
  2345 | D:4      | Reached XP level 6. HP: 35/35 MP: 10/10
  2376 | D:4      | Reached skill level 4 in Dodging
  2414 | D:4      | Found an iron altar of Okawaru.
  2414 | D:4      | Found an opulent altar of Gozag.
  2434 | D:4      | Fell from the grace of Wu Jian
  2434 | D:4      | Became a worshipper of Warmaster Okawaru
  2489 | D:5      | Entered Level 5 of the Dungeon
  2648 | D:5      | Found a sparkling altar of Nemelex Xobeh.
  2660 | D:5      | Reached skill level 5 in Dodging
  2711 | D:4      | Noticed a +4 broad axe of flaming
  2711 | D:4      | Noticed a +4 broad axe of freezing
  2711 | D:4      | Noticed a +2 quarterstaff of electrocution
  2711 | D:4      | Noticed a +1 broad axe of flaming
  2770 | D:4      | Reached XP level 7. HP: 19/40 MP: 11/11
  2807 | D:3      | Noticed a +2 dire flail of freezing
  2807 | D:3      | Noticed a +1 glaive of electrocution
  2807 | D:3      | Noticed a +3 great sword of freezing
  2807 | D:3      | Noticed a +4 heavy rapier
  2807 | D:3      | Noticed a +4 heavy great sword
  3123 | D:5      | Reached skill level 6 in Dodging
  3262 | D:5      | Found a radiant altar of Vehumet.
  3281 | D:5      | Reached skill level 7 in Dodging
  3447 | D:5      | Reached XP level 8. HP: 44/44 MP: 12/12
  3558 | D:5      | Reached * piety under Okawaru
  3559 | D:5      | Reached skill level 8 in Dodging
  3764 | D:5      | Reached skill level 9 in Dodging
  4054 | D:6      | Reached skill level 1 in Air Magic
  4117 | D:6      | Noticed Prince Ribbit
  4201 | D:7      | Found an ancient bone altar of Kikubaaqudgha.
  4312 | D:7      | Reached ** piety under Okawaru
  4388 | D:7      | Noticed a hornet
  4395 | D:7      | Reached XP level 9. HP: 41/49 MP: 14/14
  4451 | D:6      | Found a blossoming altar of Fedhas.
  4480 | D:6      | Found a shadowy altar of Dithmenos.
  4481 | D:6      | Found a hazy altar of Hepliaklqana.
  4646 | D:6      | Killed Prince Ribbit
  4704 | D:6      | Slain by a +0 glaive of speed

Illustrated notes

Levels and vault maps discovered:
D:1:      dpeg_arrival_rooms_with_view, layout_basic,
          ebering_ecumenical_altar_abandoned, kennysheep_small_spiral,
          minmay_surrounded
D:2:      layout_basic, basic_altar
D:3:      layout_basic, mainiacjoe_overflow_alcove_4,
          mainiacjoe_overflow_alcove_2, ashenzari_altar_1,
          overflow_temple_1_default, uniq_natasha
D:4:      layout_loops_cross, general_overflow_altar,
          mainiacjoe_overflow_divided_tiny, temple_statues,
          grunt_decor_arrowhead
D:5:      layout_cave_pods, kennysheep_mini, nicolae_vehumet_radiance,
          kennysheep_flooded_box, minmay_puff
D:6:      layout_loops_ring, riverfiend_overflow_shadow_ancestor,
          trog_three_pillars_becter, mainiacjoe_overflow_cross_hatched,
          gup_sewer_entry_bubbles, solitary_fountain, uniq_prince_ribbit1,
          uniq_edmund
D:7:      minmay_the_grid_triangle_9x9_recursive_2
          [minmay_the_grid_triangle_9x9_prize_center,
          minmay_the_grid_triangle_9x9_thin_v,
          minmay_the_grid_triangle_9x9_negative_grid,
          minmay_the_grid_triangle_9x9_intruding_spiral], layout_rooms,
          nicolae_kikubaaqudgha_miasma_corner, kennysheep_generic_room_12

Skill      XL: |  1  2  3  4  5  6  7  8  9 |
---------------+----------------------------+-----
Long Blades    | 3 4 5 6 |  6.3
Dodging        | 3 5 7 9 |  9.1
Air Magic      | 3 4 |  4.3
Translocations | 3 |  3.8
Spellcasting   | 3 |  3.6
Fighting       | |  2.5
Throwing       | |  1.0
Armour         | |  1.1

Action                     |  1- 3 |  4- 6 |  7- 9 || total
---------------------------+-------+-------+-------++-------
  Melee: Falchion          |    78 |    73 |       ||   151
         Kick              |    22 |    29 |    34 ||    85
         Peck              |     2 |    17 |    41 ||    60
         Punch             |       |     1 |     2 ||     3
         Dagger            |       |    43 |   130 ||   173
  Throw: Dart              |       |       |     5 ||     5
   Cast: Blink             |       |       |     2 ||     2
Ability: Lunge             |       |     4 |       ||     4
    Use: Scroll            |       |     1 |     1 ||     2
   Stab: Sleeping          |     1 |     2 |       ||     3
 Armour: Leather armour    |    30 |    36 |    20 ||    86
  Dodge: Dodged            |    60 |    75 |   117 ||   252

Table legend: (Time is in decaauts)
 A = Elapsed time spent in this place.
 B = Non-inter-level travel time spent in this place.
 C = Inter-level travel time spent in this place.
 D = Time resting spent in this place.
 E = Time spent auto-exploring this place.
 F = Levels seen in this place.
 G = Mean time per level.
                   A        B        C        D        E       F      G
               +--------+--------+--------+--------+--------+-----+--------+
         Total |   4426 |   4330 |     96 |    103 |   3156 |   7 |  632.3 |
       Dungeon |   4426 |   4330 |     96 |    103 |   3156 |   7 |  632.3 |
               +--------+--------+--------+--------+--------+-----+--------+

Top non-repeatable levels by time:
     D:5: 1171 daAuts
     D:2: 790 daAuts
     D:1: 752 daAuts
     D:3: 652 daAuts
     D:4: 446 daAuts
     D:6: 374 daAuts
     D:7: 238 daAuts
